 Dungeon Crawl Stone Soup version 0.29.1-12-g30fa7ad0bf (webtiles) character file.

Game seed: 6973638829039604379

34 112233 the Gusty (level 3, 0/22 HPs)
             Began as an Octopode Air Elementalist on Dec 22, 2022.
             Slain by Terence
             ... wielding a +0 mace
              (5 damage)
             ... on level 2 of the Dungeon.
             The game lasted 00:01:03 (1737 turns).

112233 the Gusty (Octopode Air Elementalist)        Turns: 1737, Time: 00:01:04

Health: 0/22       AC:  1    Str:  7    XL:     3   Next: 31%
Magic:  6/6        EV: 13    Int: 25    God:
Gold:   162        SH:  0    Dex: 12    Spells: 5/6 levels left

rFire   . . .      SeeInvis .   f - +0 short sword
rCold   . . .      Faith    .   (no shield)
rNeg    . . .      Spirit   .   (helmet restricted)
rPois   .          Reflect  .   (no amulet)
rElec   .          Harm     .   j - +6 ring of intelligence
rCorr   .          Rampage  .   (no ring)
Will    .....                   (no ring)
Stlth   ++........              (no ring)
HPRegen 0.07/turn               (no ring)
MPRegen 0.10/turn               (no ring)
                                (no ring)
                                (no ring)

@: confused, ambrosia-drunk
A: almost no armour, amphibious, 8 rings, camouflage 1, gelatinous body 1,
(nimble swimmer 1), tentacles
a: no special abilities


You were on level 2 of the Dungeon.
You visited 1 branch of the dungeon, and saw 2 of its levels.

You collected 162 gold pieces.

Inventory:

Hand Weapons
 f - a +0 short sword (weapon)
Jewellery
 j - a +6 ring of intelligence (left tentacle)
Scrolls
 e - 2 scrolls of identify
Potions
 a - a potion of magic
 c - 2 potions of flight
 d - a potion of mutation {unknown}
 g - a potion of curing {unknown}
 h - 2 potions of degeneration {unknown}
 i - 2 potions of attraction {unknown}
 k - a potion of brilliance {unknown}
 l - 2 potions of resistance {unknown}
 n - a potion of lignification {unknown}
 o - a potion of heal wounds {unknown}


   Skills:
 + Level 0.9 Fighting
 + Level 2.4 Dodging
 - Level 2.9 Stealth
 + Level 2.3 Spellcasting
 - Level 1.1 Conjurations
 + Level 3.3 Air Magic


You had 5 spell levels left.
You knew the following spells:

 Your Spells              Type           Power      Damage    Failure   Level
a - Shock                 Conj/Air       56%        1d6       4%          1

Your spell library contained the following spells:

 Spells                   Type           Power      Damage    Failure   Level
 Static Discharge         Conj/Air       14%        3-5/arc   6%          2
 Swiftness                Air            19%        N/A       9%          3
 Necrotise                Necr           8%         1d4       11%         1
 Airstrike                Air            9%         2d(2-18)  26%         4
 Vampiric Draining        Necr           2%         2d6       32%         3
 Agony                    Necr           2%         N/A       96%         5


Dungeon Overview and Level Annotations

Branches:
Dungeon (2/15)

Altars:

Shops:
D:1 *

Annotations:
D:2 Terence


Innate Abilities, Weirdness & Mutations

You cannot wear most types of armour.
You are amphibious.
You can wear up to eight rings at the same time.
Your skin changes colour to match your surroundings (Stealth+).
Your rubbery body absorbs attacks. (AC +1, EV +1)
((You are camouflaged when in or above water. (Stealth+)))
You have tentacles for arms and can constrict up to eight enemies at once.


Message History

Confirm with . or Enter, or press ? or * to list all spells.
Aiming: Shock (safe; 4% risk of failure)
Press: ? - help, Shift-Dir - straight line, f - Terence
Aim: Terence, wielding a +0 mace and wearing a +0 scale mail (asleep, 100% to hit)
The zap hits Terence.
Terence is moderately wounded.
Terence shouts!
You hit Terence but do no damage. Your grab misses Terence.
Terence is moderately wounded.
Terence hits you with a +0 mace!
Unknown command.
It was a potion of ambrosia.
You are confused.
You feel invigorated. Terence hits you with a +0 mace!
Unknown command.
You barely miss Terence. You squeeze Terence, but do no damage.
Terence is moderately wounded.
Terence completely misses you. Terence attacks as you move away!
Terence barely misses you.
You feel less invigorated.
You feel less confused.
Unknown command.
As you read the scroll labelled SISUCYAPTUTZ, it crumbles to dust.
It is a scroll of amnesia.
Forget Shock, freeing 1 spell level for a total of 6?
Really abort (and waste the scroll)?
Okay, then.
Terence barely misses you.
Unknown command.
As you read the scroll labelled WIZESO TEADO, it crumbles to dust.
It is a scroll of identify.
c - 2 potions of flight Terence hits you with a +0 mace.
Unknown command.
You are confused.
You feel invigorated. Terence hits you with a +0 mace!
* * * LOW HITPOINT WARNING * * *
Unknown command.
Terence attacks as you move away! Terence hits you with a +0 mace.
You die...

######....# #.####
##.## ##...##
##.#.#.##
##.##.##.##
#####.###.###.######
#...@..............#
#.###@###.###>####.#
#. ##.##..#.## #.#
#.#####.#.....#
#.###
#..........##.#
#....
#########.###.#
#.### #.###<####.#
#.......†..#
#####.####.# #.# #.#


You could see Terence.

Vanquished Creatures
  An adder (D:2)
  A worm (D:2)
  3 ball pythons
  2 endoplasms
  A giant cockroach (D:2)
  A goblin (D:1)
  A hobgoblin (D:2)
  4 kobolds
  2 quokkas
  4 frilled lizards
  4 rats
24 creatures vanquished.

Notes
Turn   | Place    | Note
-------+----------+-------------------------------------------
     0 | D:1      | 112233 the Octopode Air Elementalist began the quest for
                  | the Orb.
     0 | D:1      | Reached XP level 1. HP: 11/11 MP: 3/3
    28 | D:1      | Found Madoes Inei's General Store.
   282 | D:1      | Found a faded altar of an unknown god.
   432 | D:1      | Reached XP level 2. HP: 17/17 MP: 3/5
  1508 | D:2      | Reached XP level 3. HP: 22/22 MP: 2/6
  1726 | D:2      | Noticed Terence
  1737 | D:2      | Slain by Terence

Illustrated notes

Levels and vault maps discovered:
D:1:      dpeg_arrival_shelter, layout_basic, serial_shops, shop,
          shapermc_ecumenical_altar_totnotflames
D:2:      layout_loops_ring, mrwooster_statue_mirror, minmay_crystal_water,
          amcnicky_mini_pool_small, uniq_terence

Action                   || total
-------------------------++-------
Melee: Unarmed           ||     3
       Short sword       ||    10
       Tentacles         ||     5
       Constrict         ||     3
 Cast: Shock             ||    49
  Use: Scroll            ||     2
       Potion            ||     2
Armor: Skin              ||     1
Dodge: Dodged            ||    10
